 Dungeon Sprint DCSS version 0.26.1-11-gd32895ea62 (webtiles) character file.

Game seed: 10045042508414848517

293 Zeld the Blocker (level 6, -1/63 HPs)
             Began as a Gargoyle Fighter on June 15, 2021.
             Slain by Sonja
             ... wielding a +1 short sword of distortion
              (3 damage)
             ... in the Dungeon (Sprint I: "Red Sonja").
             The game lasted 00:01:00 (598 turns).

Zeld the Blocker (Gargoyle Fighter)                  Turns: 598, Time: 00:01:01

Health: -1/63      AC: 12    Str: 21    XL:     6   Next: 33%
Magic:  6/6        EV:  8    Int:  9    God:
Gold:   297        SH: 11    Dex:  9    Spells: 5/5 levels left

rFire    . . .     SeeInvis .   a - +0 flail
rCold    . . .     Faith    .   c - +0 kite shield
rNeg     + . .     Spirit   .   b - +0 scale mail
rPois    ∞         Reflect  .   (no helmet)
rElec    +         Harm     .   (no cloak)
rCorr    .         Rampage  .   (no gloves)
Will     .....     NoTele   +   (no boots)
Stlth    ..........             (no amulet)
HPRegen  0.20/turn              (no ring)
MPRegen  0.10/turn              (no ring)

@: berserking, very quick
A: negative energy resistance 1, electricity resistance, unbreathing,
petrification resistance, miasma immunity, AC +4
a: no special abilities


You were in the Dungeon.
You visited 1 branch You collected 297 gold pieces.

Inventory:

Hand Weapons
 a - a +0 flail (weapon)
Armour
 b - a +0 scale mail (worn)
 c - a +0 kite shield (worn)
Wands
 k - a wand of random effects (24)
Scrolls
 j - a scroll of blinking
Potions
 d - a potion of might
 e - 3 potions of curing
 f - a potion of heal wounds
 g - a potion of haste
 h - 2 potions of magic
 l - a potion of mutation {unknown}
 m - a potion of lignification {unknown}


   Skills:
 + Level 6.6 Fighting
 * Level 7.6 Maces & Flails
 + Level 6.6 Armour
 * Level 8.7 Shields


You had 5 spell levels left.
You didn't know any spells.
Your spell library was empty.

Dungeon Overview and Level Annotations

Branches:
Dungeon (1/1)

Altars:
Cheibriados
Dithmenos
Fedhas
Gozag
Hepliaklqana
Kikubaaqudgha
Makhleb
Okawaru
Qazlal
Ru
Sif Muna
Trog
Uskayaw
Vehumet
Wu Jian
Xom
Yredelemnul
Zin
Jiyva
Lugonu

Shops:
D *

Annotations:
D Sonja


Innate Abilities, Weirdness & Mutations

You are resistant to torment.
Your stone body is resilient. (AC +4)
You are immune to poison.
You resist negative energy. (rN+)
You are resistant to electric shocks. (rElec)
You can survive without breathing.
You are immune to petrification.
You are immune to miasma.


Message History

The yak is moderately wounded.
The yak barely misses you.
You thump the yak!
The yak is heavily wounded.
The yak gores you but does no damage.
You hit the yak.
The yak is heavily wounded.
You barely miss the yak.
The yak is heavily wounded.
Sonja mumbles some strange words.
Sonja blinks!
The yak gores you!
* * * LOW HITPOINT WARNING * * *
You sock the yak!
The yak is severely wounded.
Sonja hits you with a +1 short sword of distortion.
* * * LOW HITPOINT WARNING * * *
Space bends around you.
* * * LOW HITPOINT WARNING * * *
Sonja hits you but does no damage. Space bends around you.
You die...

################ ##
#<.#.)'..#..'.K#__#
#..'[.#..').#@.+J.+
#..#####'#####Y#__#
#..# #..#...#§# ##
#..# _####..##.#
#..# ____##'#_.+
#⌠⌠#_.∩...'..._#
####_..__##_.#'#


____ ##'#[# ### #.### You could see a yak and Sonja.

Vanquished Creatures
  Sigmund (D)
  An ogre (D)
  A jelly (D)
  Ijyb (D)
4 creatures vanquished.

Vanquished Creatures (others)
  A gargoyle (D)
1 creature vanquished.

Grand Total: 5 creatures vanquished

Notes
Turn   | Place    | Note
-------+----------+-------------------------------------------
     0 | D        | Zeld the Gargoyle Fighter began the quest for the Orb.
     0 | D        | Reached XP level 1. HP: 14/14 MP: 1/1
     2 | D        | Noticed Ijyb
    25 | D        | Killed Ijyb
    26 | D        | Reached skill level 4 in Shields
    26 | D        | Reached XP level 2. HP: 20/20 MP: 2/2
    26 | D        | Reached XP level 3. HP: 24/24 MP: 3/3
    32 | D        | Noticed an ogre
    38 | D        | Killed an ogre
    39 | D        | Reached skill level 5 in Fighting
    39 | D        | Reached skill level 5 in Maces & Flails
    39 | D        | Reached skill level 5 in Armour
    39 | D        | Reached skill level 6 in Shields
    39 | D        | Reached XP level 4. HP: 31/31 MP: 4/4
   252 | D        | Noticed Sigmund
   259 | D        | Killed Sigmund
   260 | D        | Reached skill level 8 in Shields
   260 | D        | Reached XP level 5. HP: 37/37 MP: 5/5
   260 | D        | Reached XP level 6. HP: 42/42 MP: 6/6
   374 | D        | Found an ornate altar of the Wu Jian Council.
   374 | D        | Found a shimmering blue altar of Sif Muna.
   376 | D        | Found a radiant altar of Vehumet.
   380 | D        | Found a burning altar of Makhleb.
   380 | D        | Found a viscous altar of Jiyva.
   380 | D        | Found a shimmering altar of Xom.
   380 | D        | Found a corrupted altar of Lugonu.
   380 | D        | Noticed a slime creature
   518 | D        | Killed a gargoyle
   580 | D        | Found Uckuffud's General Store.
   580 | D        | Found an ancient bone altar of Kikubaaqudgha.
   580 | D        | Found a hazy altar of Hepliaklqana.
   580 | D        | Found a hide-covered altar of Uskayaw.
   580 | D        | Found a basalt altar of Yredelemnul.
   580 | D        | Found an opulent altar of Gozag.
   580 | D        | Found a snail-covered altar of Cheibriados.
   580 | D        | Found a sacrificial altar of Ru.
   580 | D        | Found a shadowy altar of Dithmenos.
   580 | D        | Noticed a yak
   582 | D        | Found a stormy altar of Qazlal.
   582 | D        | Found a blossoming altar of Fedhas.
   582 | D        | Found a bloodstained altar of Trog.
   582 | D        | Found an iron altar of Okawaru.
   582 | D        | Found a glowing silver altar of Zin.
   584 | D        | Noticed Sonja
   598 | D        | HP: 2/63 [Sonja/+1 short sword of distortion (5)]
   598 | D        | Slain by Sonja

Illustrated notes

Levels and vault maps discovered:
D:        dungeon_sprint_1 [red_sonja_temple_1, red_sonja_temple_small_1]

Skill      XL: |  1  2  3  4 |
---------------+-------------+-----
Fighting       | 4 5 6 |  6.6
Maces & Flails | 3 5 7 |  7.6
Armour         | 4 5 6 |  6.6
Shields        | 4 6 8 |  8.7

Action                   |  1- 3 |  4- 6 || total
-------------------------+-------+-------++-------
Melee: Flail             |    26 |    15 ||    41
Evoke: Wand              |     1 |     1 ||     2
  Use: Potion            |       |     1 ||     1
 Stab: Paralysed         |       |     5 ||     5
Armor: Scale mail        |    11 |     4 ||    15
Dodge: Dodged            |    10 |     4 ||    14
Block: Kite shield       |    11 |     6 ||    17
